[gd_scene load_steps=11 format=2]

[ext_resource path="res://shared/avatarspace/profilPicture.tscn" type="PackedScene" id=1]
[ext_resource path="res://shared/back/back_button.tscn" type="PackedScene" id=2]
[ext_resource path="res://shared/avatarspace/avatar_space.gd" type="Script" id=3]
[ext_resource path="res://assets/icons/centerStar.png" type="Texture2D" id=4]
[ext_resource path="res://assets/background.png" type="Texture2D" id=5]
[ext_resource path="res://assets/icons/check.png" type="Texture2D" id=6]
[ext_resource path="res://assets/theme/ButtonTheme.tres" type="Theme" id=7]
[ext_resource path="res://assets/theme/backgroundPanel.tres" type="StyleBox" id=9]
[ext_resource path="res://assets/icons/next.png" type="Texture2D" id=10]
[ext_resource path="res://assets/theme/PhoneticTheme.tres" type="Theme" id=21]

[node name="avatar_space" type="Control"]
anchor_right = 1.0
anchor_bottom = 1.0
theme = ExtResource( 21 )
script = ExtResource( 3 )
__meta__ = {
"_editor_description_": ""
}

[node name="Background" type="TextureRect" parent="."]
anchor_right = 1.0
anchor_bottom = 1.0
offset_left = 1.88776
offset_right = 1.8877
texture = ExtResource( 5 )
expand = true
__meta__ = {
"_edit_use_anchors_": false
}

[node name="back_button" parent="." instance=ExtResource( 2 )]

[node name="profilPicture" parent="." instance=ExtResource( 1 )]
offset_left = 52.8191
offset_top = 90.8709
offset_right = -865.181
offset_bottom = -313.129

[node name="Stars" type="Control" parent="."]
anchor_left = 0.07
anchor_top = 0.697
anchor_right = 0.314
anchor_bottom = 0.798
offset_left = -1.059
offset_top = -49.0
offset_right = -1.05899
offset_bottom = -49.0001
__meta__ = {
"_edit_use_anchors_": false
}

[node name="StarsImage" type="TextureRect" parent="Stars"]
anchor_left = 0.245
anchor_top = 0.118
anchor_right = 0.245
anchor_bottom = 1.0
offset_right = 50.0
offset_bottom = -14.139
minimum_size = Vector2( 50, 50 )
texture = ExtResource( 4 )
expand = true
__meta__ = {
"_edit_use_anchors_": false
}

[node name="StarsNumber" type="Label" parent="Stars"]
anchor_left = 0.46
anchor_top = 0.256
anchor_right = 0.572
anchor_bottom = 0.85
text = ":11
"
align = 1
valign = 1

[node name="playerName" type="LineEdit" parent="."]
visible = false
anchor_left = 0.096
anchor_top = 0.602
anchor_right = 0.312
anchor_bottom = 0.666
offset_left = -1.92001
offset_top = -0.440002
offset_right = -71.36
offset_bottom = -0.52002
align = 1
__meta__ = {
"_edit_use_anchors_": false
}

[node name="PlayerName" type="Label" parent="."]
offset_left = 122.0
offset_top = 413.0
offset_right = 329.04
offset_bottom = 459.0
align = 1

[node name="ValidateName" type="Button" parent="."]
visible = false
anchor_left = 0.26
anchor_top = 0.607
anchor_right = 0.301
anchor_bottom = 0.607
offset_left = 0.529724
offset_top = -0.529724
offset_right = 0.529724
offset_bottom = 35.4703
disabled = true
icon = ExtResource( 6 )
flat = true
expand_icon = true

[node name="HScrollBar" type="ScrollContainer" parent="."]
anchor_left = 0.338
anchor_top = 0.04
anchor_right = 0.956
anchor_bottom = 0.197
offset_top = -2.04493
offset_bottom = -2.24493
scroll_vertical_enabled = false

[node name="ItemType" type="HBoxContainer" parent="HScrollBar"]

[node name="ScrollContainer2" type="ScrollContainer" parent="."]
anchor_left = 0.374
anchor_top = 0.385
anchor_right = 0.889
anchor_bottom = 0.932
offset_left = -2.46362
offset_top = -3.89325
offset_right = 9.53638
offset_bottom = 8.10675

[node name="Button" type="Button" parent="."]
offset_left = 32.0
offset_top = 529.0
offset_right = 461.0
offset_bottom = 586.0
theme = ExtResource( 7 )
text = "Changer genre"

[node name="Button2" type="Button" parent="."]
offset_left = 33.0
offset_top = 601.0
offset_right = 462.0
offset_bottom = 658.0
theme = ExtResource( 7 )
text = "Ecoute forme"

[node name="ecouteForme" type="Label" parent="."]
offset_left = 40.0
offset_top = 668.0
offset_right = 465.0
offset_bottom = 714.0
custom_colors/font_color = Color( 1, 1, 1, 1 )
align = 1

[node name="NotEnoughStars" type="Window" parent="."]
anchor_left = 0.2
anchor_top = 0.2
anchor_right = 0.8
anchor_bottom = 0.8
custom_styles/panel = ExtResource( 9 )
__meta__ = {
"_edit_use_anchors_": false
}

[node name="Ok" type="TextureButton" parent="NotEnoughStars"]
anchor_left = 0.45
anchor_top = 0.7
anchor_right = 0.6
anchor_bottom = 0.9
texture_normal = ExtResource( 10 )
expand = true
__meta__ = {
"_edit_use_anchors_": false
}

[node name="NotEnough" type="Label" parent="NotEnoughStars"]
anchor_top = 0.2
anchor_right = 1.0
anchor_bottom = 0.4
text = "Tu n'as pas assez d'étoiles ! Continue de jouer !"
align = 1
valign = 1
__meta__ = {
"_edit_use_anchors_": false
}

[connection signal="pressed" from="ValidateName" to="." method="_on_ValidateName_pressed"]
[connection signal="pressed" from="Button" to="." method="_on_Button_pressed"]
[connection signal="pressed" from="Button2" to="." method="_on_Button2_pressed"]
[connection signal="pressed" from="NotEnoughStars/Ok" to="." method="_on_Ok_pressed"]
